AoeStats
← ska_18

Arena

505192823Analyzed
3v3 RM · 24d ago on Sep 8, 2026· 39m 41s· 6 players
Game mode
Random Map
Map size
Normal (6 player)
Population
200
Speed
Normal
Resources
Standard
Victory
Conquest
Starting age
Dark Age
Ending age
Imperial Age
RankedLock teamsTeams togetherTeam positionsShared explorationLock speedFull tech treeHidden civsTurbo modeCheats
Victory
Defeat
🇦🇷 Hindustanis · Argentina
1093
+14
🇦🇷 Sicilians · Argentina
1080
+14
🇨🇳 Cumans · China
1041
+16
🇨🇳 Spanish · China
1078
-16
🇦🇹 Saracens · Austria
1058
-15
🇹🇷 Franks · Türkiye
1001
-13
ska_18
10:10 Feudal Age
13:04 Loom
15:27 Castle Age
14:05 Double-Bit Axe
14:23 Horse Collar
17:37 Wheelbarrow
16:47 Town Watch
22:44 Fervor
24:11 Hand Cart
24:30 Coinage
23:54 Gold Mining
23:55 Stone Mining
24:51 Bow Saw
25:43 Forging
25:39 Scale Barding Armor
26:11 Fletching
y.尊 尊
2:52 Loom
12:06 Feudal Age
13:30 Wheelbarrow
12:43 Double-Bit Axe
16:35 Castle Age
16:01 Horse Collar
17:51 Bow Saw
18:44 Fletching
18:51 Town Watch
24:53 Inquisition
24:58 Padded Archer Armor
34:28 Imperial Age
31:52 Gold Mining
31:52 Stone Mining
33:33 Bodkin Arrow
33:53 Leather Archer Armor
35:08 Hand Cart
34:55 Heavy Plow
36:26 Conscription
37:20 Stone Shaft Mining
39:04 Bracer
39:35 Ring Archer Armor
40:10 Supremacy
Hidalgo
10:57 Feudal Age
16:07 Castle Age
14:29 Double-Bit Axe
15:47 Gold Mining
16:28 Stone Mining
27:21 Imperial Age
26:54 Fletching
27:14 Forging
28:17 Scale Barding Armor
27:56 Pikeman
28:13 Cavalier
Alvarez
9:50 Feudal Age
11:09 Double-Bit Axe
16:21 Horse Collar
19:40 Forging
19:36 Scale Barding Armor
21:51 Castle Age
21:09 Bloodlines
23:22 Iron Casting
23:07 Chain Barding Armor
24:18 Gold Mining
25:10 Bow Saw
25:02 Heavy Plow
38:57 Gold Shaft Mining
38:14 Stone Mining
KING
10:26 Feudal Age
11:51 Double-Bit Axe
16:09 Castle Age
14:47 Horse Collar
17:07 Scale Mail Armor
17:17 Forging
凛绪nn
11:24 Feudal Age
12:08 Double-Bit Axe
12:55 Horse Collar
15:15 Castle Age
16:15 Bow Saw
16:13 Heavy Plow
21:16 Wheelbarrow
22:54 Stone Mining
24:57 Scale Mail Armor
25:08 Forging
26:09 First Crusade
26:24 Chain Mail Armor
27:18 Hand Cart
27:10 Squires
28:16 Iron Casting
30:16 Fletching
30:49 Ballistics
30:27 Murder Holes
30:42 Masonry
33:20 Imperial Age
33:18 Stone Shaft Mining
32:33 Gold Mining
34:35 Plate Mail Armor
35:05 Blast Furnace
33:35 Elite Serjeant
34:36 Conscription
35:19 Bodkin Arrow
36:30 Chemistry
35:16 Arrowslits
35:18 Capped Ram
37:33 Arson
37:15 Siege Ram
37:26 Siege Ram
38:53 Siege Engineers
39:33 Bracer
Connection lost

Rejoining the realm…

Still unreachable

The connection could not be restored.

Session expired

The server has moved on; the page needs a fresh start.